AoeStats
← [KMNB] Bandeira

Oasis

507130837Analyzed
2v2 RM · 17d ago on Sep 16, 2026· 16m 20s· 4 players
Game mode
Random Map
Map size
Medium (4 player)
Population
200
Speed
Normal
Resources
Standard
Victory
Conquest
Starting age
Dark Age
Ending age
Imperial Age
RankedLock teamsTeams togetherTeam positionsShared explorationLock speedFull tech treeHidden civsTurbo modeCheats
Victory
Defeat
🇩🇪 Mongols · Germany
1532
+14
🇫🇷 Lithuanians · France
1523
+15
🇧🇷 Hindustanis · Brazil
1533
-16
🇧🇷 Italians · Brazil
1463
-13
[KMNB] Dedão
7:09 Loom
9:35 Feudal Age
10:07 Double-Bit Axe
15:09 Wheelbarrow
14:58 Fletching
[KMNB] Bandeira
3:02 Loom
9:22 Feudal Age
10:17 Double-Bit Axe
xcmpierrexcm
3:09 Loom
9:30 Feudal Age
komeL '
4:27 Loom
5:36 Loom
8:03 Feudal Age
8:39 Double-Bit Axe
17:12 Wheelbarrow
Connection lost

Rejoining the realm…

Still unreachable

The connection could not be restored.

Session expired

The server has moved on; the page needs a fresh start.